 Dungeon Sprint DCSS version 0.18-a0-1354-gbc5753f (webtiles) character file.

5866 Kidiri the Unseen (level 10, -6/53 HPs)
             Began as a Spriggan Enchanter on Feb 19, 2016.
             Was a Priest of Dithmenos.
             Killed from afar by an electric eel (7 damage)
             ... with a bolt of electricity
             ... in the Dungeon (Sprint II: "The Violet Keep of Menkaure").
             The game lasted 00:10:43 (1907 turns).

Kidiri the Unseen (Spriggan Enchanter)              Turns: 1907, Time: 00:10:43

Health: -6/53      AC:  3    Str:  2      XL:     10   Next: 52%
Magic:  22/24      EV: 28    Int: 18      God:    Dithmenos [***...]
Gold:   820        SH:  0    Dex: 15 (17) Spells: 8 memorised, 5 levels left

rFire  . . .     SeeInvis +     a - +1 dagger
rCold  . . .     Gourm    .     b - +1 robe
rNeg   . . .     Faith    .     (shield restricted)
rPois  .         Spirit   .     (helmet restricted)
rElec  .         Dismiss  .     (no cloak)
rCorr  .         Reflect  .     (gloves unavailable)
SustAt .         Harm     .     (boots unavailable)
MR     +....     Rnd*Rage +     (no amulet)
Stlth  +++++..... NoTele   +    (no ring)
                                (no ring)

@: wreathed by umbra, very quick, somewhat resistant to hostile enchantments,
quite stealthy
A: unfitting armour, see invisible, berserk 1, clumsy 1, deterioration 1,
herbivore 3, speed 3, low mp 1, slow metabolism 2, weak 1, subdued magic 1
a: Shadow Step, Renounce Religion


You were in the Dungeon.
You worshipped Dithmenos.
Dithmenos was most pleased with you.
You were not hungry.

You visited 1 branch You collected 1450 gold pieces.
You spent 630 gold pieces at shops.

Inventory:

Hand Weapons
 a - a +1 dagger (weapon)
Missiles
 e - a throwing net (quivered)
Armour
 b - a +1 robe (worn)
 w - a +0 buckler
Scrolls
 j - a scroll of blinking
 n - 4 scrolls of identify {unknown}
 o - a scroll of random uselessness {unknown}
 p - 2 scrolls of amnesia {unknown}
 s - a scroll of immolation {unknown}
 u - a scroll of remove curse {unknown}
Potions
 f - a potion of heal wounds
 g - a potion of haste
 h - 5 potions of magic
 l - 4 potions of flight {unknown}
 q - a potion of cure mutation {unknown}
 r - 2 potions of curing
 v - 3 potions of resistance {unknown}
Comestibles
 d - a bread ration
 i - 6 fruits


   Skills:
 + Level 5.8 Fighting
 * Level 10.8 Short Blades
 + Level 5.2 Armour
 * Level 13.8 Dodging
 * Level 15.1 Stealth
 * Level 0.0 Shields
 * Level 11.9 Spellcasting
 + Level 4.1 Conjurations
 + Level 9.2 Hexes
 + Level 4.5 Ice Magic
 + Level 4.0 Air Magic
 + Level 4.3 Poison Magic
 - Level 3.0 Invocations


You had 5 spell levels left.
You knew the following spells:

 Your Spells              Type           Power        Failure   Level  Hunger
a - Corona                Hex            ####...      1%          1    None
b - Ensorcelled Hibernat  Hex/Ice        ###...       1%          2    None
c - Confuse               Hex            ####....     1%          3    None
d - Tukima's Dance        Hex            ####....     1%          3    None
e - Dazzling Spray        Conj/Hex       ###.....     1%          3    None
f - Mephitic Cloud        Conj/Pois/Air  ###.....     1%          3    None
g - Freezing Cloud        Conj/Ice/Air   ###.......   97%         6    ######.
h - Poisonous Cloud       Conj/Pois/Air  ###.......   97%         6    ######.


Dungeon Overview and Level Annotations

Branches:
Dungeon (1/1)

Altars:
Cheibriados
Dithmenos
Elyvilon
Fedhas
Gozag
Kikubaaqudgha
Makhleb
Nemelex Xobeh
Okawaru
Pakellas
Qazlal
Ru
Sif Muna
Trog
Vehumet
Xom
Yredelemnul
Zin
The Shining One
Beogh
Jiyva
Lugonu

Shops:
D [!:[?!(}=[==}*%:

Annotations:
D exclusions: oklob plant and orange crystal statue, Roxanne


Innate Abilities, Weirdness & Mutations

You are tiny and cannot use many weapons and most armour.
You have supernaturally acute eyesight.
You are an herbivore.
You cover ground extremely quickly.
You need consume almost no food.
You tend to lose your temper in combat.
You are clumsy. (Dex -2)
Your body sometimes deteriorates upon taking damage.
Your magical capacity is low (-10% MP).
You are weak. (Str -2)
Your spells are a little easier to cast, but a little less powerful.


Message History

Unknown command.
You enter the shallow water.
Moving in this stuff is going to be slow.
You feel less confused.
The electric eel shoots out a bolt of lightning at you!
The bolt of electricity hits you! x2
* * * LOW HITPOINT WARNING * * *
The electric eel shoots out a bolt of lightning at you!
The bolt of electricity hits the electric eel.
The electric eel completely resists.
The bolt of electricity hits the electric eel.
The electric eel completely resists.
The bolt of electricity hits the electric eel.
The electric eel completely resists.
The bolt of electricity misses you. x2
The electric eel shoots out a bolt of lightning at you!
The bolt of electricity hits the electric eel.
The electric eel completely resists.
The bolt of electricity hits you!
* * * LOW HITPOINT WARNING * * *
The bolt of electricity hits you!
You die...

≈≈≈≈≈§≈≈§≈≈≈≈≈≈#.._._._.#§§§§≈§#
+#+++#≈≈≈≈≈≈≈≈≈#._._._._#§§§≈§§+
§§§≈ ##≈§≈###≈≈#_._._._.#§§§§≈§#
§§≈§§§ ≈ #≈§#._._._..#≈§§§§§▓
§8§§§§§+≈≈#+#≈§#_._._...#≈§§§▓▓▓▓
§≈§§§.##§≈≈≈≈≈≈##########≈≈≈§▓z.z
≈§§§§## ########≈≈≈≈≈≈≈≈≈≈§≈§▓zz.
#+#### §≈§§§###≈########≈▓▓▓▓▓▓▓
§§≈≈;§##@# #▓▓ §;;;;≈;'≈#
§§;§;≈#### §§§§≈# #####


4 You could see 8 electric eels.

Vanquished Creatures
  A deep elf master archer (D)
  3 shining eyes (D)
  A siren (D)
  2 spiny frogs (D)
  A yaktaur (D)
  3 polar bears (D)
  2 hippogriffs (D)
  Menkaure (D)
  A wasp (D)
  4 necrophages (D)
  3 crocodiles (D)
  A scorpion (D)
  4 worker ants (D)
  A spectral adder (D)
  A spectral bat (D)
  3 tentacles (D)
32 creatures vanquished.

Vanquished Creatures (others)
  A crocodile (D)
  5 tentacles (D)
  523 tentacle segments (D)
529 creatures vanquished.

Grand Total: 561 creatures vanquished

Notes
Turn   | Place    | Note
--------------------------------------------------------------
     0 | D        | Kidiri the Spriggan Enchanter began the quest for the Orb.
     0 | D        | Reached XP level 1. HP: 9/9 MP: 5/5
     1 | D        | Noticed a worker ant
     1 | D        | Noticed a worker ant
     1 | D        | Noticed a worker ant
     1 | D        | Noticed a worker ant
     4 | D        | Noticed a hippogriff
     4 | D        | Noticed a hippogriff
     7 | D        | Noticed a siren
    10 | D        | Noticed a necrophage
    10 | D        | Noticed a necrophage
    10 | D        | Noticed a necrophage
    10 | D        | Noticed a necrophage
    15 | D        | Killed a necrophage
    15 | D        | Reached skill level 1 in Fighting
    15 | D        | Reached skill level 1 in Armour
    15 | D        | Reached skill level 5 in Dodging
    15 | D        | Reached skill level 7 in Stealth
    15 | D        | Reached XP level 2. HP: 11/14 MP: 5/8
    15 | D        | Reached XP level 3. HP: 13/17 MP: 6/10
    15 | D        | Reached XP level 4. HP: 17/22 MP: 6/11
    20 | D        | Killed a necrophage
    20 | D        | Reached skill level 5 in Short Blades
    20 | D        | Reached skill level 8 in Stealth
    20 | D        | Reached skill level 5 in Hexes
    20 | D        | Reached XP level 5. HP: 13/24 MP: 6/14
    28 | D        | Killed a necrophage
    28 | D        | Reached skill level 9 in Stealth
    36 | D        | Killed a necrophage
    36 | D        | Reached skill level 10 in Stealth
    36 | D        | Reached XP level 6. HP: 16/30 MP: 7/17
   216 | D        | Learned a level 2 spell: Ensorcelled Hibernation
   220 | D        | Learned a level 3 spell: Confuse
   224 | D        | Learned a level 3 spell: Tukima's Dance
   228 | D        | Learned a level 3 spell: Dazzling Spray
   263 | D        | Killed a hippogriff
   263 | D        | Reached skill level 1 in Conjurations
   263 | D        | Reached skill level 1 in Ice Magic
   263 | D        | Reached XP level 7. HP: 34/34 MP: 13/19
   266 | D        | Killed a hippogriff
   266 | D        | Reached skill level 10 in Dodging
   266 | D        | Reached skill level 11 in Stealth
   320 | D        | Killed a siren
   340 | D        | Noticed an orange crystal statue
   342 | D        | Noticed Menkaure
   353 | D        | Killed Menkaure
   353 | D        | Reached skill level 12 in Stealth
   353 | D        | Reached XP level 8. HP: 12/40 MP: 0/22
   564 | D        | Noticed Roxanne
   569 | D        | Found Umnobist's Jewellery Emporium.
   570 | D        | Found Juvvobeg's Antique Armour Emporium.
   570 | D        | Found Peghaylo's Jewellery Shoppe.
   578 | D        | Found Qemu's Gadget Shoppe.
   578 | D        | Found Kutou's Assorted Antiques.
   580 | D        | Found Piomeos's Book Emporium.
   580 | D        | Found Gelue's Jewellery Shoppe.
   581 | D        | Found Hyodirus's Antique Weapon Shoppe.
   581 | D        | Found Quodi's Distillery.
   581 | D        | Found Wytacleh's Gadget Shoppe.
   582 | D        | Found Qatat's Food Shoppe.
   584 | D        | Found Ici Uqer's Magic Scroll Emporium.
   584 | D        | Found Sutine's Antique Armour Shoppe.
   584 | D        | Noticed an oklob plant
   585 | D        | Found Wailout's Distillery.
   585 | D        | Found Goavoeh's Armour Emporium.
   585 | D        | Found Hefop's Book Shoppe.
   595 | D        | Bought a book of Clouds for 630 gold pieces
   599 | D        | Learned a level 3 spell: Mephitic Cloud
   606 | D        | Learned a level 6 spell: Freezing Cloud
   652 | D        | Found a sparkling altar of Nemelex Xobeh.
   653 | D        | Found a shimmering altar of Xom.
   654 | D        | Found an opulent altar of Gozag.
   654 | D        | Found a basalt altar of Yredelemnul.
   654 | D        | Found an ancient bone altar of Kikubaaqudgha.
   654 | D        | Found a shadowy altar of Dithmenos.
   655 | D        | Found a blossoming altar of Fedhas.
   655 | D        | Found a glowing golden altar of the Shining One.
   655 | D        | Found a corrupted altar of Lugonu.
   656 | D        | Found a stormy altar of Qazlal.
   656 | D        | Found an iron altar of Okawaru.
   657 | D        | Found a radiant altar of Vehumet.
   657 | D        | Found a viscous altar of Jiyva.
   658 | D        | Found a deep blue altar of Sif Muna.
   658 | D        | Found a roughly hewn altar of Beogh.
   659 | D        | Noticed a yaktaur
   659 | D        | Noticed a polar bear
   660 | D        | Noticed a polar bear
   660 | D        | Noticed a polar bear
   661 | D        | Killed a polar bear
   662 | D        | Killed a polar bear
   662 | D        | Reached skill level 1 in Air Magic
   662 | D        | Reached skill level 1 in Poison Magic
   677 | D        | Killed a yaktaur
   677 | D        | Reached skill level 10 in Spellcasting
   683 | D        | Killed a polar bear
   683 | D        | Reached skill level 13 in Stealth
   683 | D        | Reached XP level 9. HP: 25/44 MP: 11/24
   698 | D        | Found a glowing silver altar of Zin.
   700 | D        | Found a white marble altar of Elyvilon.
   700 | D        | Found a bloodstained altar of Trog.
   700 | D        | Found a snail-covered altar of Cheibriados.
   701 | D        | Found a burning altar of Makhleb.
   701 | D        | Found a sacrificial altar of Ru.
   701 | D        | Found an oddly glowing altar of Pakellas.
   709 | D        | Became a worshipper of Dithmenos the Shadowed
   738 | D        | Noticed a shining eye
   739 | D        | Noticed a shining eye
   739 | D        | Noticed a shining eye
   753 | D        | Gained mutation: You tend to lose your temper in combat. [a shining eye]
   769 | D        | Gained mutation: You are clumsy. (Dex -2) [a shining eye]
   773 | D        | Gained mutation: You are weak. (Str -2) [a shining eye]
   776 | D        | Gained mutation: Your body sometimes deteriorates upon taking damage. [a shining eye]
   782 | D        | Killed a shining eye
   782 | D        | Reached * piety under Dithmenos
   782 | D        | Reached skill level 5 in Fighting
   782 | D        | Reached skill level 1 in Invocations
   894 | D        | Noticed a deep elf master archer
  1231 | D        | Noticed a spiny frog
  1231 | D        | Noticed a spiny frog
  1233 | D        | Killed a spiny frog
  1235 | D        | Killed a spiny frog
  1250 | D        | Killed a deep elf master archer
  1250 | D        | Reached ** piety under Dithmenos
  1250 | D        | Reached skill level 10 in Short Blades
  1250 | D        | Reached skill level 5 in Armour
  1250 | D        | Reached skill level 14 in Stealth
  1250 | D        | Reached XP level 10. HP: 51/53 MP: 18/26
  1298 | D        | Learned a level 6 spell: Poisonous Cloud
  1302 | D        | Gained mutation: Your spells are a little easier to cast, but a little less powerful. [a shining eye]
  1304 | D        | Killed a shining eye
  1318 | D        | Gained mutation: Your magical capacity is low (-10% MP). [a shining eye]
  1325 | D        | Killed a shining eye
  1325 | D        | Reached skill level 15 in Stealth
  1359 | D        | Noticed a death drake
  1370 | D        | Noticed a kraken
  1804 | D        | Reached *** piety under Dithmenos
  1904 | D        | Noticed a sixfirhy
  1907 | D        | HP: 1/53 [electric eel/bolt of electricity (10)]
  1907 | D        | Killed from afar by an electric eel

Vault maps used:
D:        the_violet_keep_of_menkaure

Action                   |  1- 3 |  4- 6 |  7- 9 | 10-12 || total
-------------------------+-------+-------+-------+-------++-------
Melee: Dagger            |     4 |    26 |    57 |    20 ||   107
 Cast: Ensorcelled Hiber |       |     2 |     2 |     5 ||     9
       Dazzling Spray    |       |       |     9 |    19 ||    28
       Confuse           |       |       |     7 |       ||     7
       Tukima's Dance    |       |       |     1 |       ||     1
       Mephitic Cloud    |       |       |     2 |     1 ||     3
  Use: Potion            |     1 |       |     1 |       ||     2
 Stab: Sleeping          |       |     5 |     9 |     3 ||    17
       Confused          |       |       |     5 |       ||     5
       Invisible         |       |       |       |     4 ||     4
